 Dungeon Crawl Stone Soup version 0.19.0-24-gb05acd6 (webtiles) character file.

48 shmeve the Skirmisher (level 3, -1/33 HPs)
             Began as a Draconian Berserker on Nov 21, 2016.
             Was a Believer of Trog.
             Slain by a hobgoblin
             ... wielding a +0 club
              (8 damage)
             ... on level 2 of the Dungeon.
             The game lasted 00:03:17 (1615 turns).

shmeve the Skirmisher (Draconian Berserker)         Turns: 1615, Time: 00:03:19

Health: -1/33      AC:  5    Str: 20    XL:     3   Next: 50%
Magic:  3/3        EV: 12    Int:  7    God:    Trog [**....]
Gold:   34         SH:  0    Dex: 10    Spells: 0 memorised, 2 levels left

rFire  . . .     SeeInvis .     a - +0 hand axe
rCold  . . .     Gourm    .     (armour unavailable)
rNeg   . . .     Faith    .     (no shield)
rPois  .         Spirit   .     (helmet restricted)
rElec  .         Reflect  .     (no cloak)
rCorr  .         Harm     .     (no gloves)
MR     .....                    (no boots)
Stlth  ++........               (no amulet)
                                (no ring)
                                d - ring of stealth

@: exhausted, slowed, drained, very slow
A: unfitting armour, cold-blooded, AC +5
a: Berserk, Trog's Hand, Burn Spellbooks, Renounce Religion


You were on level 2 of the Dungeon.
You worshipped Trog.
Trog was pleased with you.
You were very hungry.

You visited 1 branch of the dungeon, and saw 2 of its levels.

You collected 34 gold pieces.

Inventory:

Hand Weapons
 a - a +0 hand axe (weapon)
Jewellery
 d - a ring of stealth (left hand)
Scrolls
 c - a scroll of identify
 f - a scroll of magic mapping
 l - a scroll of recharging {unknown}
Potions
 e - 2 potions of flight {unknown}
 i - a potion of curing {unknown}
 j - a potion of brilliance {unknown}
 k - a potion of agility {unknown}
 m - a potion of mutation {unknown}
 n - a potion of berserk rage {unknown}
Comestibles
 b - a bread ration
 g - a slice of pizza


   Skills:
 * Level 3.8(3.0) Fighting
 * Level 3.3(2.5) Axes
 * Level 3.1(2.3) Dodging
 + Level 1.4(0.6) Stealth


You had 2 spell levels left.
You didn't know any spells.

Dungeon Overview and Level Annotations

Branches:
Dungeon (2/15)

Altars:


Innate Abilities, Weirdness & Mutations

Your plain brown scales are hard. (AC +5)
You cannot fit into any form of body armour.
You are cold-blooded and may be slowed by cold attacks.


Message History

Found 20 stones.
An adder comes into view.
You feel your anger subside.
You are no longer berserk.
You are exhausted.
You feel yourself slow down.
The adder hisses angrily.
You closely miss the hobgoblin. The hobgoblin completely misses you.
The hobgoblin hits you with a club.
You hit the hobgoblin.
Your tail-slap misses the hobgoblin.
The hobgoblin is severely wounded.
You hit the adder. The adder barely misses you.
The hobgoblin hits you but does no damage.
The adder bites you.
You hit the adder.
Your tail-slap misses the adder.
The adder is heavily wounded.
You closely miss the hobgoblin. The adder barely misses you.
The hobgoblin misses you. The adder bites you.
* * * LOW HITPOINT WARNING * * *
The hobgoblin hits you with a club!
You die...

### .. ##.###########
###...#.. ....
#.......####..####
#..g#.#........#
#.S@...##..##.# #
......##.####..##.##.#
##.##
#.............###
#.########.#####. ....
#......# ....#...
#####.## ##...#.....
#.## #.(.#...... ##.##
....#...... ##.#


You could see an adder and a hobgoblin.

Vanquished Creatures
  A worm (D:2)
  3 dart slugs
  A leopard gecko (D:1)
  A giant cockroach (D:1)
  7 goblins
  7 hobgoblins
  A quokka (D:2)
  2 ball pythons
  4 bats (D:1)
  2 frilled lizards (D:1)
  5 kobolds
  A rat (D:1)
35 creatures vanquished.

Notes
Turn   | Place    | Note
-------+----------+-------------------------------------------
     0 | D:1      | shmeve the Draconian Berserker began the quest for the Orb.
     0 | D:1      | Reached XP level 1. HP: 19/19 MP: 1/1
   378 | D:1      | Reached XP level 2. HP: 16/26 MP: 2/2
   714 | D:1      | Reached skill level 1 in Stealth
   811 | D:1      | Reached ** piety under Trog
   942 | D:1      | Reached XP level 3. HP: 31/31 MP: 3/3
  1615 | D:2      | Slain by a hobgoblin

Skill      XL: |  1  2 |
---------------+-------+-----
Dodging        | 3 |  3.1
Stealth        | 1 |  1.4
Fighting       | |  3.8
Axes           | |  3.3

Action                   || total
-------------------------++-------
Melee: Hand axe          ||   104
       Tailslap          ||    10
Invok: Berserk           ||     1
  Use: Scroll            ||     3
 Stab: Sleeping          ||     2
  Eat: Chunk             ||     2
Armor: Skin              ||    36
Dodge: Dodged            ||    67
